 Dungeon Crawl Stone Soup version 0.18.0-1-g0107ab7 (webtiles) character file.

519 Chiseanne the Magician (level 7, 39/46 HPs)
             Began as a Demonspawn Wizard on May 5, 2016.
             Quit the game on level 4 of the Dungeon.
             The game lasted 00:10:50 (4938 turns).

Chiseanne the Magician (Demonspawn Wizard)          Turns: 4938, Time: 00:10:51

Health: 39/46      AC:  6    Str:  7    XL:     7   Next: 1%
Magic:  8/15       EV: 12    Int: 21    God:
Gold:   211        SH:  2    Dex: 12    Spells: 5 memorised, 6 levels left

rFire  . . .     SeeInvis .     a - +2 dagger (speed)
rCold  . . .     Gourm    .     x - +0 robe {rN+}
rNeg   + . .     Faith    .     (no shield)
rPois  .         Spirit   .     u - +2 hat
rElec  .         Dismiss  .     (no cloak)
rCorr  .         Reflect  .     (no gloves)
SustAt .         Harm     .     (no boots)
MR     .....                    (no amulet)
Stlth  ++........               (no ring)
                                e - ring of wizardry

@: mildly poisoned (39 -> 33), not resistant to hostile enchantments, unstealthy
A: antennae 1, large bone plates 1, rot immunity
a: no special abilities


You were on level 4 of the Dungeon.
You were not hungry.

You visited 1 branch of the dungeon, and saw 4 of its levels.

You collected 211 gold pieces.

Inventory:

Hand Weapons
 a - a +2 dagger of speed (weapon)
 h - a +3 mace
Missiles
 f - 14 poisoned needles
 i - 109 stones
 m - 68 sling bullets
 n - 15 bolts
 p - 9 arrows
 v - 2 steel tomahawks (quivered)
 C - 2 javelins
Armour
 u - a +2 hat (worn)
 x - a +0 robe of positive energy (worn)
Jewellery
 e - a ring of wizardry (left hand)
Wands
 o - a wand of confusion (23/48)
Scrolls
 b - a scroll of immolation
 g - 2 scrolls of teleportation
 k - a scroll of identify
 y - a scroll of recharging
 z - a scroll of blinking
Potions
 j - 2 potions of brilliance
 q - 2 potions of lignification
 r - a potion of resistance
 t - a potion of cancellation
 w - 3 potions of might
 A - a potion of haste
Books
 c - a book of Minor Magic

   Spells                             Type                      Level
   a - Magic Dart                     Conjuration                  1
   b - Blink                          Translocation                2
   c - Call Imp                       Summoning                    2
   d - Repel Missiles                 Charms/Air                   2
   e - Slow                           Hexes                        2
   f - Conjure Flame                  Conjuration/Fire             3
   g - Mephitic Cloud                 Conjuration/Poison/Air       3
Comestibles
 d - 3 bread rations
 l - 3 meat rations
 s - 2 fruits
 B - 3 chunks of flesh


   Skills:
 - Level 1.7 Dodging
 - Level 1.7 Stealth
 + Level 5.7 Spellcasting
 - Level 5.0 Conjurations
   Level 1.0 Summonings
 - Level 0.8 Translocations


You had 6 spell levels left.
You knew the following spells:

 Your Spells              Type           Power        Failure   Level  Hunger
a - Magic Dart            Conj           ####         1%          1    None
b - Blink                 Tloc           N/A          4%          2    None
c - Repel Missiles        Chrm/Air       #.....       7%          2    None
d - Mephitic Cloud        Conj/Pois/Air  ##......     7%          3    ##.....
e - Conjure Flame         Conj/Fire      ###.....     6%          3    ##.....


Dungeon Overview and Level Annotations

Branches:
Dungeon (4/15)
 Temple: D:4-7

Altars:
Kikubaaqudgha
Zin


Innate Abilities, Weirdness & Mutations

You have a pair of small antennae on your head.
You are partially covered in large bone plates (AC +2, SH +2).
You are immune to rotting.


Message History

Aiming: Magic Dart
Press: ? - help, Shift-Dir - straight line, f/p - worker ant
Aim: a worker ant (almost dead)
The magic dart hits the worker ant.
The worker ant is almost dead.
The worker ant bites you.
You are poisoned.
The worker ant poisons you!
Casting: Magic Dart
Confirm with . or Enter, or press ? or * to list all spells.
Aiming: Magic Dart
Press: ? - help, Shift-Dir - straight line, f/p - worker ant
Aim: a worker ant (almost dead)
The magic dart hits the worker ant.
You kill the worker ant!
You have reached level 7!
Your demonic ancestry asserts itself...
A pair of antennae grows on your head!
You feel sick.
Are you sure you want to abandon this character and quit the game? (Confirm with "yes".)

##..#######..# #..##.
#######..# #..# #..##.
.....[...# #..# #####..##.
.#######.#
#..######......##. .#
#.#######.................
.#
##.......†...#####.########
.# #.....####..## # .#
#.###.# #..# .# #.#
#.####@.# .# #.# #.......#
.# #.# #..####... .######.#
#..# #..##
........###.<####..#
#####.........†....#
####.#.####..#####.#
....###.###..... .# ##.##
##.###.####


There were no monsters in sight!

Vanquished Creatures
  A scorpion (D:4)
  A howler monkey (D:4)
  2 orc priests (D:3)
  An orc wizard (D:3)
  2 centaur skeletons (D:4)
  An iguana (D:4)
  A worker ant (D:4)
  4 gnolls (D:3)
  8 adders
  2 oozes
  2 adder skeletons (D:4)
  A worm (D:3)
  5 dart slugs
  A giant gecko (D:1)
  9 orcs
  4 giant cockroaches
  8 hobgoblins
  7 jackals
  3 quokkas
  3 ball pythons
  8 bats
  A giant gecko skeleton (D:4)
  9 giant newts
  13 goblins
  7 kobolds
  7 rats
111 creatures vanquished.

Notes
Turn   | Place    | Note
--------------------------------------------------------------
     0 | D:1      | Chiseanne the Demonspawn Wizard began the quest for the Orb.
     0 | D:1      | Reached XP level 1. HP: 13/13 MP: 4/4
   256 | D:1      | Gained mutation: You are partially covered in large bone plates (AC +2, SH +2). [demonic ancestry]
   256 | D:1      | Reached XP level 2. HP: 13/19 MP: 1/6
  1057 | D:1      | Reached XP level 3. HP: 21/24 MP: 8/8
  1064 | D:1      | Learned a level 2 spell: Blink
  1067 | D:1      | Learned a level 2 spell: Repel Missiles
  1071 | D:1      | Learned a level 3 spell: Mephitic Cloud
  1574 | D:2      | Reached XP level 4. HP: 29/30 MP: 2/9
  2279 | D:2      | Found an ancient bone altar of Kikubaaqudgha.
  2668 | D:3      | Learned a level 3 spell: Conjure Flame
  2738 | D:3      | Reached XP level 5. HP: 28/35 MP: 2/11
  2853 | D:3      | Found a glowing silver altar of Zin.
  3609 | D:3      | Gained mutation: You are immune to rotting. [demonic ancestry]
  3609 | D:3      | Reached XP level 6. HP: 27/41 MP: 3/13
  3655 | D:3      | Reached skill level 5 in Spellcasting
  4716 | D:4      | Reached skill level 5 in Conjurations
  4937 | D:4      | Gained mutation: You have a pair of small antennae on your head. [demonic ancestry]
  4937 | D:4      | Reached XP level 7. HP: 40/46 MP: 7/15
  4938 | D:4      | Quit the game

Skill      XL: |  1  2  3  4  5  6 |
---------------+-------------------+-----
Conjurations   | 2 3 4 5 |  5.0
Spellcasting   | 4 5 |  5.7
Dodging        | |  1.7
Stealth        | |  1.7
Summonings     | |  1.0
Translocations | |  0.8

Action                   |  1- 3 |  4- 6 |  7- 9 || total
-------------------------+-------+-------+-------++-------
Melee: Hand axe          |    18 |       |       ||    18
       Dagger            |    25 |    56 |       ||    81
Throw: Tomahawk          |       |     2 |       ||     2
 Cast: Magic Dart        |    86 |   178 |     1 ||   265
       Mephitic Cloud    |       |     8 |       ||     8
       Blink             |       |     2 |       ||     2
       Repel Missiles    |       |     1 |       ||     1
       Conjure Flame     |       |     4 |       ||     4
Evoke: Wand              |       |     7 |       ||     7
  Use: Scroll            |     6 |     8 |       ||    14
 Stab: Confused          |       |     4 |       ||     4
  Eat: Chunk             |     2 |    11 |       ||    13
Armor: Robe              |    15 |    24 |       ||    39
Dodge: Dodged            |    41 |    39 |       ||    80
       Deflected         |       |     1 |       ||     1
Block: Other             |     2 |     3 |       ||     5
